 Dungeon Crawl Stone Soup version 0.18.1-6-gd335043 (webtiles) character file.

683 deorigin the Frost Mage (level 7, -2/69 HPs)
             Began as a Merfolk Ice Elementalist on May 17, 2016.
             Slain by Grinder (4 damage)
             ... on level 4 of the Dungeon on May 18, 2016.
             The game lasted 00:11:27 (3097 turns).

deorigin the Frost Mage (Merfolk Ice Elementalist)  Turns: 3097, Time: 00:11:28

Health: -2/69      AC:  2    Str: 13    XL:     7   Next: 61%
Magic:  5/10       EV: 13    Int: 17    God:
Gold:   123        SH:  0    Dex: 14    Spells: 3 memorised, 4 levels left

rFire  . . .     SeeInvis .     y - +0 flail (crush)
rCold  . . .     Gourm    .     a - +0 robe
rNeg   . . .     Faith    .     (no shield)
rPois  .         Spirit   .     (no helmet)
rElec  .         Dismiss  .     (no cloak)
rCorr  .         Reflect  .     (no gloves)
SustAt .         Harm     .     (no boots)
MR     .....                    (no amulet)
Stlth  ..........               (no ring)
                                (no ring)

@: berserking, very quick, not resistant to hostile enchantments, extremely
unstealthy
A: change form in water, swift swim
a: no special abilities


You were on level 4 of the Dungeon.
You were not hungry.

You visited 1 branch of the dungeon, and saw 4 of its levels.

You collected 123 gold pieces.

Inventory:

Hand Weapons
 g - a +0 club
 h - a +0 dagger
 s - a +0 hand axe
 y - a +0 flail of crushing (weapon)
 B - a +0 war axe
 C - a +0 short sword of holy wrath
Armour
 a - a +0 robe (worn)
 v - a +0 ring mail
Jewellery
 e - an uncursed amulet of faith {unknown}
 u - a cursed amulet of harm {unknown}
Scrolls
 f - a scroll of fear
 i - 2 scrolls of immolation
 m - 2 scrolls of remove curse
 n - a scroll of amnesia
 p - a scroll of enchant weapon {unknown}
 t - a scroll of enchant armour {unknown}
 w - 2 scrolls of teleportation {unknown}
 x - a scroll of blinking {unknown}
 F - a scroll of fog {unknown}
Potions
 l - a potion of flight
 o - a potion of invisibility
 A - a potion of might
 D - a potion of curing
Books
 b - a book of Frost

   Spells                             Type                      Level
   a - Freeze                         Ice                          1
   b - Throw Frost                    Conjuration/Ice              2
   c - Ozocubu's Armour               Charms/Ice                   3
   d - Throw Icicle                   Conjuration/Ice              4
   e - Summon Ice Beast               Ice/Summoning                4
Comestibles
 c - 3 bread rations
 d - 2 meat rations
 j - 2 slices of pizza


   Skills:
 - Level 2.6 Dodging
 - Level 2.1 Stealth
 - Level 2.0 Spellcasting
 - Level 0.7 Conjurations
 + Level 9.4 Ice Magic


You had 4 spell levels left.
You knew the following spells:

 Your Spells              Type           Power        Failure   Level  Hunger
a - Freeze                Ice            ####         1%          1    #......
b - Throw Frost           Conj/Ice       ###...       3%          2    ###....
c - Ozocubu's Armour      Chrm/Ice       ###.....     10%         3    ###....


Dungeon Overview and Level Annotations

Branches:
Dungeon (4/15)
 Temple: D:4-7

Altars:
Pakellas
Sif Muna
The Shining One

Annotations:
D:4 Grinder


Message History

Aim: Grinder (lightly wounded)
You freeze Grinder.
Grinder resists.
Grinder is lightly wounded.
Grinder hits you but does no damage.
Drink which item? (? for menu, Esc to quit)
A red film seems to cover your vision as you go berserk!
You feel yourself moving faster!
You feel mighty!
Something unseen opens the door.
Grinder barely misses you.
You closely miss Grinder.
Grinder is lightly wounded.
Grinder misses you.
You thump Grinder!
Grinder is heavily wounded.
Grinder barely misses you.
You closely miss Grinder.
Grinder is heavily wounded.
Grinder hits you!
* * * LOW HITPOINT WARNING * * *
You writhe in agony.
You die...

...........#
...........#....#
...........#....##
...........#.....#
........†..#.....#
...........#.....
..........##...#
...##.....##...#
.. #.....5@<..# .
'.p........#
#......###+#
#......# #......#
#......+ #....$##
#...... #.....


You could see Grinder and a neutral freed slave (wandering).

Vanquished Creatures
  Pikel (D:3)
  The ghost of zkyp the Magician, an amateur SpFE (D:3)
  An orc wizard (D:3)
  3 gnolls (D:2)
  3 adders
  3 worms
  A dart slug (D:1)
  3 giant geckos
  5 orcs (D:3)
  6 bats
  3 giant cockroaches
  5 hobgoblins
  A jackal (D:1)
  5 kobolds
  A quokka (D:3)
  2 ball pythons
  2 giant newts
  5 goblins
  8 rats
59 creatures vanquished.

Notes
Turn   | Place    | Note
--------------------------------------------------------------
     0 | D:1      | deorigin the Merfolk Ice Elementalist began the quest for the Orb.
     0 | D:1      | Reached XP level 1. HP: 13/13 MP: 3/3
   132 | D:1      | Reached XP level 2. HP: 16/19 MP: 0/5
   177 | D:1      | Learned a level 2 spell: Throw Frost
   205 | D:1      | Reached skill level 4 in Ice Magic
  1042 | D:1      | Reached XP level 3. HP: 24/24 MP: 1/6
  1047 | D:1      | Learned a level 3 spell: Ozocubu's Armour
  1126 | D:2      | Found a deep blue altar of Sif Muna.
  1484 | D:2      | Reached skill level 5 in Ice Magic
  1488 | D:2      | Reached XP level 4. HP: 28/30 MP: 0/7
  1717 | D:2      | Found an oddly glowing altar of Pakellas.
  2060 | D:3      | Noticed zkyp's ghost (amateur SpFE)
  2071 | D:3      | Killed zkyp's ghost
  2071 | D:3      | Reached skill level 6 in Ice Magic
  2071 | D:3      | Reached XP level 5. HP: 10/35 MP: 3/8
  2306 | D:3      | Found a glowing golden altar of the Shining One.
  2479 | D:3      | Reached skill level 7 in Ice Magic
  2479 | D:3      | Reached XP level 6. HP: 19/41 MP: 3/9
  2835 | D:4      | Noticed Pikel
  2835 | D:4      | Noticed a slave
  2837 | D:4      | Noticed a slave
  2840 | D:4      | Noticed a slave
  2894 | D:4      | Noticed a slave
  2904 | D:3      | Killed Pikel
  2904 | D:3      | Reached skill level 9 in Ice Magic
  2904 | D:3      | Reached XP level 7. HP: 22/46 MP: 1/10
  3066 | D:4      | Noticed Grinder
  3077 | D:4      | Paralysed by Grinder for 7 turns
  3097 | D:4      | HP: 2/69 [Grinder (10)]
  3097 | D:4      | Slain by Grinder

Skill      XL: |  1  2  3  4  5  6 |
---------------+-------------------+-----
Ice Magic      | 4 5 6 7 9 |  9.4
Dodging        | |  2.6
Stealth        | |  2.1
Spellcasting   | |  2.0
Conjurations   | |  0.7

Action                   |  1- 3 |  4- 6 |  7- 9 || total
-------------------------+-------+-------+-------++-------
Melee: Unarmed           |     5 |       |       ||     5
       Club              |     3 |       |       ||     3
       Dagger            |    56 |       |       ||    56
       Flail             |       |    16 |     3 ||    19
 Cast: Freeze            |    32 |    49 |     9 ||    90
       Throw Frost       |    10 |       |       ||    10
  Use: Potion            |       |     3 |     1 ||     4
       Scroll            |       |     8 |       ||     8
 Stab: Sleeping          |       |     1 |       ||     1
  Eat: Chunk             |     3 |     5 |       ||     8
       Beef jerky        |       |       |     1 ||     1
Armor: Robe              |    13 |     6 |     1 ||    20
Dodge: Dodged            |    59 |    45 |     9 ||   113
